 Dungeon Crawl Stone Soup version 0.26.1-11-gd32895ea62 (webtiles) character file.

Game seed: 5895796442750498034

654185 Rallik the Slayer (level 27, -10/161 (167) HPs)
             Began as a Gargoyle Fighter on July 6, 2021.
             Was the Champion of Okawaru.
             Killed from afar by a shadow dragon (11 damage)
             ... with a bolt of negative energy
             ... while paralysed by accursed screaming
             ... on level 5 of the Abyss on July 7, 2021.
             The game lasted 05:00:32 (67730 turns).

Rallik the Slayer (Gargoyle Fighter)               Turns: 67730, Time: 05:00:33

HP:   -10/161 (167) AC: 65    Str: 34    XL:     27
MP:   22/32         EV:  2    Int: 12    God:    Okawaru [******]
Gold: 3042          SH:  0    Dex: 14    Spells: 26/26 levels left

rFire    + + .     SeeInvis +   Y - +7 broad axe of the Ancients {vorpal, rF++ MP-9 Str+3 Dex+3}
rCold    + + .     Faith    .   Z - +0 kite shield "Roylyddut" {+Blink rC+ MP+9 Int+5}
rNeg     + . .     Spirit   .   f - +10 plate armour {Will+}
rPois    ∞         Reflect  +   m - +2 helmet {SInv}
rElec    +         Harm     .   I - +2 cloak {Stlth+}
rCorr    +         Rampage  .   p - +2 pair of gloves {Str+3}
Will     ++++.     Rnd*Rage +   e - +2 pair of boots {run}
Stlth    ..........             N - amulet of reflection
HPRegen  0.36/turn              X - ring of Miracles {+Inv rPois rCorr Str-4 Slay+3}
MPRegen  0.23/turn              G - ring of Oschist {rPois rC+ Str+5 Int-2 Stlth-}

@: paralysed, finesse, flying, slightly contaminated, lightly drained,
invisible, quick
A: big wings, thin skeletal structure 1, berserk 1, blurry vision 1,
deterioration 1, dopey 1, frail 1, low mp 1, strong-willed 1, negative energy
resistance 1, screaming 2, electricity resistance, weak 2, unbreathing,
petrification resistance, miasma immunity, subdued magic 1, AC +20
}: 4/15 runes: serpentine, barnacled, slimy, silver
a: Stop Flying, Renounce Religion, Evoke Blink, Evoke Invisibility, Heroism,
Finesse


You were on level 5 of the Abyss.
You worshipped Okawaru.
Okawaru was exalted by your worship.
You visited 9 branches of the dungeon, and saw 48 of its levels.
You visited the Abyss 1 time.
You visited 2 bazaars.
You also visited: Ossuary.

You collected 8276 gold pieces.
You spent 5234 gold pieces at shops.

Inventory:

Hand Weapons
 Y - the +7 broad axe of the Ancients (weapon) {vorpal, rF++ MP-9 Str+3 Dex+3}
   (Okawaru gifted it to you on level 12 of the Dungeon)

   It inflicts extra damage upon your enemies.
   It affects your strength (+3).
   It affects your dexterity (+3).
   It greatly protects you from fire.
   It affects your magic capacity (-9).
Armour
 e - a +2 pair of boots of running (worn)
 f - a +10 plate armour of willpower (worn)
 j - a +1 hat of willpower
 m - a +2 helmet of see invisible (worn)
 p - a +2 pair of gloves of strength (worn)
 I - a +2 cloak of stealth (worn)
 S - the +1 pair of boots of Truth {rElec rC+ Int+7}
   (Okawaru gifted it to you on level 1 of the Abyss)

   It affects your intelligence (+7).
   It protects you from cold.
   It insulates you from electricity.
 Z - the +0 kite shield "Roylyddut" (worn) {+Blink rC+ MP+9 Int+5}
   (You bought it in a shop in a bazaar)

   It affects your intelligence (+5).
   It protects you from cold.
   It affects your magic capacity (+9).
   It lets you blink.
Jewellery
 h - a +4 ring of evasion
 q - an uncursed ring of positive energy
 t - an uncursed ring of protection from fire
 u - an uncursed ring of willpower
 G - the ring of Oschist (right hand) {rPois rC+ Str+5 Int-2 Stlth-}
   (You took it off a deep elf master archer on level 3 of the Elven Halls)

   [ring of attention]

   It affects your strength (+5).
   It affects your intelligence (-2).
   It protects you from cold.
   It protects you from poison.
   It makes you less stealthy.
 J - the amulet of Vitality {Regen+ HP+15}
   (You found it on level 5 of the Pits of Slime)

   [amulet of regeneration]

   It affects your health (+15).
   It increases your rate of regeneration.
 N - an amulet of reflection (around neck)
 X - the ring of Miracles (left hand) {+Inv rPois rCorr Str-4 Slay+3}
   (You found it on level 11 of the Dungeon)

   [ring of resist corrosion]

   It affects your strength (-4).
   It affects your accuracy and damage with ranged weapons and melee attacks
   (+3).
   It protects you from poison.
   It lets you turn invisible.
   It provides partial protection from all sources of acid and corrosion.
Wands
 y - a wand of digging (12)
 B - a wand of disintegration (20)
 D - a wand of enslavement (15)
 F - a wand of paralysis (8) (quivered)
 R - a wand of acid (25)
Scrolls
 a - 7 scrolls of fear
 b - 13 scrolls of identify
 c - a scroll of summoning
 d - a scroll of brand weapon
 g - 24 scrolls of teleportation
 k - 12 scrolls of enchant weapon
 l - 24 scrolls of remove curse
 w - 5 scrolls of holy word
 E - 3 scrolls of fog
 H - 10 scrolls of blinking
 M - 2 scrolls of vulnerability
 O - 2 scrolls of silence
 P - 6 scrolls of torment
 V - 4 scrolls of magic mapping
Potions
 i - 13 potions of heal wounds
 n - 14 potions of curing
 o - 4 potions of invisibility
 r - 8 potions of ambrosia
 s - 3 potions of haste
 x - 8 potions of lignification
 z - 3 potions of magic
 A - 7 potions of might
 C - 5 potions of resistance
 L - 6 potions of attraction
 Q - 8 potions of cancellation
 T - 5 potions of berserk rage
Miscellaneous
 v - a phantom mirror (inert)
 K - a phial of floods (inert)
 U - a condenser vane (inert)
 W - a lightning rod (4/4)


   Skills:
 + Level 22.7 Fighting
 + Level 20.8 Axes
 - Level 20.0 Armour
 * Level 17.3 Dodging
 + Level 21.1 Shields
 + Level 18.3 Invocations
 - Level 12.5 Evocations


You had 26 spell levels left.
You didn't know any spells.
Your spell library contained the following spells:

 Spells                   Type           Power        Failure   Level
 Animate Skeleton         Necr           0%           71%         1
 Apportation              Tloc           0%           71%         1
 Corona                   Hex            0%           71%         1
 Freeze                   Ice            0%           71%         1
 Magic Dart               Conj           0%           71%         1
 Pain                     Necr           0%           71%         1
 Shock                    Conj/Air       0%           71%         1
 Sting                    Tmut/Pois      0%           71%         1
 Summon Small Mammal      Summ           0%           71%         1
 Blink                    Tloc           N/A          83%         2
 Call Imp                 Summ           0%           83%         2
 Corpse Rot               Necr/Air       N/A          83%         2
 Ensorcelled Hibernation  Hex/Ice        0%           83%         2
 Poisonous Vapours        Pois/Air       0%           83%         2
 Searing Ray              Conj           0%           83%         2
 Slow                     Hex            0%           83%         2
 Swiftness                Air            0%           83%         2
 Confusing Touch          Hex            0%           97%         3
 Conjure Flame            Conj/Fire      0%           97%         3
 Dazzling Flash           Conj/Hex       0%           97%         3
 Frozen Ramparts          Ice            0%           97%         3
 Ignite Poison            Fire/Tmut/Pois 0%           97%         3
 Inner Flame              Hex/Fire       0%           97%         3
 Mephitic Cloud           Conj/Pois/Air  0%           97%         3
 Ozocubu's Armour         Ice            0%           97%         3
 Portal Projectile        Hex/Tloc       0%           97%         3
 Static Discharge         Conj/Air       0%           97%         3
 Stone Arrow              Conj/Erth      0%           97%         3
 Summon Guardian Golem    Hex/Summ       0%           97%         3
 Tukima's Dance           Hex            0%           97%         3
 Vampiric Draining        Necr           0%           97%         3
 Airstrike                Air            0%           100%        4
 Animate Dead             Necr           0%           100%        4
 Cause Fear               Hex            0%           100%        4
 Fulminant Prism          Conj/Hex       0%           100%        4
 Hailstorm                Conj/Ice       0%           100%        4
 Iskenderun's Mystic Bla  Conj/Tloc      0%           100%        4
 Leda's Liquefaction      Hex/Erth       0%           100%        4
 Olgreb's Toxic Radiance  Pois           0%           100%        4
 Petrify                  Tmut/Erth      0%           100%        4
 Summon Ice Beast         Ice/Summ       0%           100%        4
 Summon Lightning Spire   Summ/Air       0%           100%        4
 Agony                    Necr           0%           100%        5
 Alistair's Intoxication  Tmut/Pois      0%           100%        5
 Bolt of Magma            Conj/Fire/Erth 0%           100%        5
 Borgnjor's Vile Clutch   Necr/Erth      0%           100%        5
 Excruciating Wounds      Necr           0%           100%        5
 Irradiate                Conj/Tmut      0%           100%        5
 Lee's Rapid Deconstruct  Erth           0%           100%        5
 Lightning Bolt           Conj/Air       0%           100%        5
 Silence                  Hex/Air        0%           100%        5
 Summon Forest            Summ/Tloc      0%           100%        5
 Summon Mana Viper        Hex/Summ       0%           100%        5
 Yara's Violent Unravell  Hex/Tmut       0%           100%        5
 Conjure Ball Lightning   Conj/Air       0%           100%        6
 Death Channel            Necr           0%           100%        6
 Eringya's Noxious Bog    Tmut/Pois      0%           100%        6
 Freezing Cloud           Conj/Ice/Air   0%           100%        6
 Hydra Form               Tmut           0%           100%        6
 Shadow Creatures         Summ           N/A          100%        6
 Simulacrum               Ice/Necr       0%           100%        6
 Malign Gateway           Summ/Tloc      0%           100%        7
 Summon Hydra             Summ           0%           100%        7
 Chain Lightning          Conj/Air       0%           100%        8
 Discord                  Hex            0%           100%        8
 Lehudib's Crystal Spear  Conj/Erth      0%           100%        8
 Absolute Zero            Ice            0%           100%        9
 Fire Storm               Conj/Fire      0%           100%        9
 Tornado                  Air            0%           100%        9
 Statue Form              Tmut/Erth      Unusable     N/A         6

Dungeon Overview and Level Annotations

Branches:
Dungeon (15/15)            Temple (0/1) D:5            Lair (6/6) D:10
 Shoals (4/4) Lair:4        Snake (4/4) Lair:2        Slime (5/5) Lair:6
    Orc (2/2) D:11            Elf (3/3) Orc:2        Vaults (5/5) D:14
  Crypt (0/3) Vaults:3     Depths (4/5) D:15        Ossuary (visited)

Altars:
Cheibriados
Elyvilon
Nemelex Xobeh
Okawaru
Ru
Sif Muna
Uskayaw
Vehumet
Xom
Zin
Beogh
Jiyva

Shops:
D:10 =?   D:15 !   Orc:2 (:[*   Shoals:1 [   Shoals:4 *   Snake:1 *   Snake:4 (
Vaults:1 (   Vaults:5 !?!?!}?=   Depths:2 (=*

Portals:
Hell: Depths:1 Depths:2 Depths:3
Abyss: Depths:1
Pandemonium: Depths:2 Depths:3
Ziggurat: Depths:1

Annotations:
D:6 , 2 transporters
Lair:1 exclusion: oklob plant
Shoals:3 Roxanne
Vaults:1 1 transporter
Depths:1 exclusions: daeva, downstairs and 7 more exclusions


Innate Abilities, Weirdness & Mutations

You are resistant to torment.
Your stone body is resilient. (AC +20)
You are immune to poison.
Your large and strong wings let you fly indefinitely.
You resist negative energy. (rN+)
You are resistant to electric shocks. (rElec)
You can survive without breathing.
You are immune to petrification.
You are immune to miasma.
You have a somewhat thin skeletal structure. (Dex +2, Stealth)
You tend to lose your temper in combat.
Scrolls take you a little longer to read.
Your body sometimes deteriorates upon taking damage.
You are dopey. (Int -2)
You are frail. (-10% HP)
Your magical capacity is low. (-10% MP)
You are strong-willed. (Will+)
You sometimes yell uncontrollably at your foes.
You are very weak. (Str -4)
Your spells are a little easier to cast, but a little less powerful.


Message History

The frost giant simulacrum hits you but does no damage.
The large abomination is struck by lightning.
The starcursed mass is struck by lightning.
The starcursed mass shudders and is absorbed by its neighbour.
The lorocyproca hits you!
* * * LOW HITPOINT WARNING * * *
You feel your power leaking away.
The starcursed mass is struck by lightning.
The starcursed mass shudders and is absorbed by its neighbour.
The starcursed mass engulfs you but does no damage.
The thrashing horror is struck by lightning.
The shadow dragon breathes negative energy at you.
The bolt of negative energy hits the large abomination.
The large abomination completely resists.
The bolt of negative energy hits the thrashing horror.
The thrashing horror completely resists.
The bolt of negative energy hits the large abomination.
The large abomination completely resists.
The bolt of negative energy hits you! You partially resist.
You feel drained.
You die...

# ## ##.. .### #
..#. #... . . [
#..# #...###
.#.##...#..
......#....##
#..#.##..§§#†#.#
# . #. #§Z#∩# #
. . . .. #X@##
..
§§§§X§2XX§§....
.
.§§§§§XXDR§§....
#
#####*XD§#§.##.
#qDXX...#
§§§§§..#..
.§#§§...#...
..##.....# #.
... #


You could see a bone dragon, 4 starcursed masses, 2 shadow dragons, a white
draconian annihilator, a lorocyproca (invisible), a rakshasa, a thrashing
horror, 4 large abominations, a frost giant simulacrum and a lurking horror
(wandering).

Vanquished Creatures
  the Royal Jelly (Slime:5)
  Mara (Shoals:4)
  2 ancient liches
  Sojobo (Vaults:4)
  Saint Roka (Snake:3)
  A golden dragon (Vaults:5)
  7 bone dragons
  7 liches
  7 tentacled monstrosities
  A quicksilver dragon (Vaults:5)
  3 titans (Vaults:5)
  4 deep elf blademasters
  3 deep elf master archers (Elf:3)
  17 tentacled starspawn
  34 acid blobs
  5 Executioners
  2 krakens
  7 sphinxes
  Agnes (D:15)
  6 shadow dragons
  3 storm dragons
  Kirke (D:14)
  Donald (Shoals:3)
  Ilsuiw (Shoals:2)
  8 nagarajas
  6 tengu reavers
  7 deep elf sorcerers
  17 vault wardens
  5 fire giants
  17 azure jellies
  An orc warlord (Orc:2)
  10 frost giants
  An iron dragon (Vaults:5)
  A balrug (Abyss:1)
  11 stone giants
  4 cacodemons
  Louise (Depths:1)
  An angel (Abyss:5)
  16 ironheart preservers
  41 very ugly things
  A ghoul (Vaults:3)
  A reaper (Abyss:5)
  A caustic shrike skeleton (Depths:1)
  4 deep elf elementalists
  4 war gargoyles
  An ophan (Abyss:5)
  A lorocyproca (Abyss:4)
  6 deep elf annihilators
  7 deep elf demonologists
  5 vampire knights
  A red draconian (Abyss:4)
  An entropy weaver (Vaults:3)
  A minotaur (Shoals:3)
  An eidolon (Abyss:3)
  5 ettins
  3 merfolk javelineers
  A quicksilver dragon zombie (Abyss:4)
  A green death (Abyss:1)
  5 jiangshi
  9 death oozes
  A crystal guardian (Vaults:3)
  Snorg (Lair:3)
  17 yaktaur captains
  7 deep elf death magi
  9 merfolk impalers
  Harold (D:10)
  4 deep elf high priests (Elf:3)
  4 fire dragons
  Erolcha (Orc:1)
  17 great orbs of eyes
  38 vault guards
  8 ice dragons
  22 naga warriors
  8 rakshasas
  3 catoblepae (Lair:6)
  9 boulder beetles
  4 death knights
  4 hydras
  A merfolk avatar (Shoals:4)
  7 centaur warriors
  11 anacondas
  Erica (Lair:2)
  6 alligator snapping turtles
  46 two-headed ogres
  20 ogre magi
  2 hell hogs (Abyss:4)
  8 merfolk aquamancers
  A two-headed ogre (shapeshifter) (Abyss:3)
  6 death yaks (Lair:6)
  7 deep troll earth magi
  2 deep troll shamans
  The ghost of vvl the Cleaver, a novice DsFi of Kikubaaqudgha (D:10)
  Urug (D:10)
  3 satyrs
  3 tengu warriors
  3 orc high priests (Orc:2)
  7 shock serpents
  20 dancing weapons
  5 vampire magi
  48 thrashing horrors
  17 naga sharpshooters
  A titan zombie (Abyss:4)
  3 sun demons
  18 wretched stars
  12 skeletal warriors
  20 deep elf knights
  3 soul eaters
  4 shadow wraiths
  A death drake (Abyss:5)
  An iron troll (Depths:1)
  9 hell knights
  A storm dragon zombie (Vaults:5)
  7 sixfirhies
  5 unseen horrors
  3 salamander mystics
  A spark wasp zombie (Depths:1)
  8 spatial maelstroms
  16 deep trolls
  4 glowing orange brains
  A ghost moth zombie (Abyss:1)
  10 sea snakes
  5 shadow demons
  Pikel (D:6)
  5 flayed ghosts
  6 naga ritualists
  10 phantasmal warriors
  13 wizards
  18 deep elf archers
  A wolf spider zombie (D:14)
  8 necromancers
  13 ironbrand convokers
  26 harpies
  19 orc knights
  2 shadow dragon zombies
  35 ugly things
  4 frost giant zombies
  3 harpies (shapeshifter)
  4 shining eyes
  2 fire giant zombies (Vaults:4)
  59 deep elf magi
  6 wolf spiders
  8 orc sorcerers
  The ghost of Ekaitz the Digger, a novice DEEE (D:6)
  2 stone giant zombies (Depths:1)
  A will-o-the-wisp (Abyss:3)
  13 worldbinders
  The ghost of PedroKMD the Transmogrifier, a novice OpTm of Uskayaw (D:7)
  5 cyclopes
  An iron dragon skeleton (Abyss:4)
  19 manticores
  10 salamanders
  14 mana vipers
  A salamander (shapeshifter) (Vaults:5)
  10 fauns
  A moth of wrath (shapeshifter) (Abyss:5)
  2 elephants (Shoals:3)
  14 merfolk sirens
  6 guardian serpents
  29 naga magi
  Joseph (D:7)
  36 black mambas
  15 vault sentinels
  2 stone giant skeletons
  4 water nymphs
  2 rust devils
  2 apocalypse crabs
  3 centaur skeletons
  Maggie (D:7)
  4 eyes of devastation
  A shock serpent skeleton (Abyss:3)
  9 orange demons
  A gargoyle (D:14)
  19 smoke demons
  A spriggan zombie (Depths:1)
  13 cane toads
  2 kobold demonologists
  2 hellions
  2 human zombies
  A komodo dragon (shapeshifter) (Abyss:5)
  7 freezing wraiths
  A redback zombie (D:14)
  3 efreet
  66 yaktaurs
  2 yaktaurs (shapeshifter)
  3 ice devils
  A rime drake (Lair:2)
  9 komodo dragons
  An anaconda simulacrum (Abyss:4)
  A demonic crawler (Abyss:3)
  5 hellwings
  2 human skeletons
  A tormentor (Abyss:5)
  2 yaktaur skeletons
  A polar bear (shapeshifter) (D:13)
  3 polar bears
  28 merfolk
  15 trolls
  2 trolls (shapeshifter)
  4 hornets
  A silent spectre (Abyss:3)
  4 wind drakes
  A queen bee (D:8)
  18 ancient zymes
  7 meliai
  4 tyrant leeches (Depths:1)
  96 slime creatures
  22 blink frogs
  A hornet (shapeshifter) (Depths:3)
  12 snapping turtles
  A raiju (shapeshifter) (Depths:1)
  9 dream sheep (Lair:6)
  A fire dragon zombie (Depths:1)
  2 deep troll zombies
  63 raiju
  A snapping turtle (shapeshifter) (Vaults:3)
  58 large abominations
  An alligator zombie (Abyss:4)
  3 redbacks (shapeshifter)
  5 flying skulls (Abyss:3)
  A centaur simulacrum (D:15)
  2 shadows
  2 spriggans (shapeshifter)
  A vampire (D:13)
  3 air elementals
  An ettin zombie (Depths:1)
  16 ynoxinuls
  A redback (Vaults:3)
  7 fire bats
  A basilisk (Lair:3)
  12 wraiths
  26 water elementals
  5 wyverns
  A human (D:14)
  A human (shapeshifter) (D:15)
  50 yaks
  A fire elemental (Elf:2)
  3 hogs (D:14)
  A golden eye (shapeshifter) (Vaults:3)
  13 neqoxecs
  18 golden eyes
  A basilisk (shapeshifter) (Vaults:2)
  3 vampire mosquitoes (D:15)
  15 chaos spawn
  15 spatial vortices
  4 wargs
  Menkaure (D:7)
  A yaktaur simulacrum (Vaults:5)
  A soldier ant (shapeshifter) (Depths:1)
  4 acid dragons
  45 nagas
  A water moccasin (shapeshifter) (Depths:1)
  4 water moccasins
  8 hell hounds
  2 hydra simulacra
  2 floating eyes
  A hornet zombie (D:11)
  2 ettin simulacra
  57 orc warriors
  A cane toad skeleton (Abyss:4)
  14 eyes of draining
  3 ice beasts
  A sky beast (D:10)
  3 black bears
  62 ogres
  2 phantoms
  A boggart (shapeshifter) (Vaults:1)
  8 boggarts
  26 centaurs
  An elf zombie (Ossuary)
  18 bullfrogs
  4 earth elementals
  3 wyvern skeletons
  3 scorpions
  5 wights (Abyss:1)
  A hornet simulacrum (D:6)
  8 killer bees (D:8)
  3 electric eels (D:14)
  2 howler monkeys
  3 centaur zombies
  4 crimson imps (Abyss:4)
  113 starcursed masses
  6 quasits
  A bullfrog zombie (D:9)
  3 bullfrog skeletons
  A gnoll shaman (D:6)
  6 hounds
  17 jellies
  31 orc priests
  38 orc wizards
  4 iron imps
  9 iguanas
  11 hell rats (Lair:2)
  6 worker ants
  A big kobold zombie (Ossuary)
  34 small abominations
  2 mummies (Ossuary)
  Robin (D:4)
  11 gnolls
  2 howler monkey skeletons
  2 worker ant zombies (D:11)
  13 adders
  12 river rats (Lair:2)
  3 shadow imps
  16 white imps
  13 ufetubi
  An adder skeleton (D:7)
  4 adder zombies
  2 worms
  4 dart slugs
  3 leopard geckos
  126 orcs
  A ball python (D:4)
  2 giant cockroaches
  17 goblins
  7 hobgoblins
  21 jackals
  8 kobolds
  11 quokkas
  A ball python zombie (D:5)
  17 bats
  3 frilled lizards
  A giant cockroach simulacrum (D:6)
  A goblin zombie (Ossuary)
  9 hobgoblin zombies (Ossuary)
  A jackal simulacrum (D:6)
  2 jackal skeletons
  2 jackal zombies (Ossuary)
  10 kobold zombies (Ossuary)
  A leopard gecko skeleton (D:6)
  9 orc zombies (Ossuary)
  2 quokka skeletons
  14 rats
  A rat zombie (Ossuary)
  2 crawling corpses (Elf:3)
  4 lurking horrors
  11 starspawn tentacles
  5 tentacles
2969 creatures vanquished.

Vanquished Creatures (collateral kills)
  A thrashing horror (Abyss:5)
  An unseen horror (shapeshifter) (Abyss:5)
2 creatures vanquished.

Vanquished Creatures (others)
  A rakshasa (Abyss:3)
  A thrashing horror (Abyss:4)
  A hell hog (Abyss:4)
  A naga sharpshooter (Snake:4)
  A deep elf knight (Vaults:1)
  A naga ritualist (Snake:4)
  A deep elf mage (Elf:1)
  2 merfolk (Shoals:4)
  A human (D:14)
  2 small abominations
  A chaos spawn (Abyss:5)
  An orc warrior (Vaults:1)
  A boggart (Vaults:3)
  A bat (D:14)
  11 foxfires (Abyss:3)
  17 fungi
  A lurking horror (Abyss:5)
  107 plants
  21 starspawn tentacles
  7 tentacles
  2 withered plants (D:7)
182 creatures vanquished.

Grand Total: 3153 creatures vanquished

Notes
Turn   | Place    | Note
-------+----------+-------------------------------------------
     0 | D:1      | Rallik the Gargoyle Fighter began the quest for the Orb.
     0 | D:1      | Reached XP level 1. HP: 14/14 MP: 1/1
   151 | D:1      | Reached XP level 2. HP: 19/19 MP: 2/2
   394 | D:1      | Reached XP level 3. HP: 23/23 MP: 3/3
   989 | D:2      | You fall into a shaft and drop 2 floors!
  1154 | D:4      | Noticed a scorpion
  1320 | D:3      | Reached XP level 4. HP: 28/29 MP: 4/4
  1768 | D:2      | Reached skill level 4 in Fighting
  1768 | D:2      | Reached XP level 5. HP: 30/33 MP: 5/5
  1863 | D:2      | Found a faded altar of an unknown god.
  2080 | D:3      | Found a glowing silver altar of Zin.
  2314 | D:3      | Found a snail-covered altar of Cheibriados.
  2710 | D:4      | Noticed an ogre
  2728 | D:4      | Killed an ogre
  2729 | D:4      | Reached XP level 6. HP: 27/39 MP: 6/6
  2838 | D:4      | Noticed Robin
  2874 | D:4      | Killed Robin
  2974 | D:4      | Found an iron altar of Okawaru.
  2975 | D:4      | Found a sacrificial altar of Ru.
  2976 | D:4      | Found a white marble altar of Elyvilon.
  2980 | D:4      | Became a worshipper of Warmaster Okawaru
  3323 | D:5      | Entered Level 5 of the Dungeon
  3370 | D:5      | Reached XP level 7. HP: 38/44 MP: 7/7
  3410 | D:5      | Found a sparkling altar of Nemelex Xobeh.
  3413 | D:5      | Found a staircase to the Ecumenical Temple.
  3523 | D:5      | Found a sand-covered staircase.
  3547 | Ossuary  | Entered an ossuary
  3662 | Ossuary  | Reached skill level 5 in Fighting
  3662 | Ossuary  | Reached skill level 5 in Armour
  3663 | Ossuary  | Reached skill level 5 in Shields
  3752 | Ossuary  | Reached skill level 5 in Axes
  3908 | D:5      | Reached * piety under Okawaru
  3988 | D:5      | Reached XP level 8. HP: 34/50 MP: 8/8
  4153 | D:5      | Found a hide-covered altar of Uskayaw.
  4426 | D:6      | Noticed Pikel
  4477 | D:6      | Killed Pikel
  4477 | D:6      | Reached ** piety under Okawaru
  4478 | D:6      | Reached skill level 1 in Invocations
  4496 | D:6      | Found a runed translucent gate.
  4496 | D:6      | Found a runed translucent gate.
  4496 | D:6      | Found a runed translucent gate.
  4696 | D:6      | Reached skill level 6 in Fighting
  4696 | D:6      | Found a transporter.
  4738 | D:6      | Found a transporter.
  4765 | D:6      | Noticed a kobold demonologist
  4775 | D:6      | vault, dangerous
  5128 | D:6      | Reached XP level 9. HP: 55/55 MP: 10/10
  5359 | D:6      | Noticed Ekaitz's ghost (novice DEEE)
  5699 | D:6      | Killed Ekaitz's ghost
  5699 | D:6      | Reached *** piety under Okawaru
  5889 | D:6      | Got the ring "Kuawipna" {Fire}
  5995 | D:7      | Noticed Joseph
  6018 | D:7      | Killed Joseph
  6019 | D:7      | Reached skill level 7 in Fighting
  6361 | D:7      | Found a runed translucent door.
  6361 | D:7      | Noticed PedroKMD's ghost (novice OpTm)
  6463 | D:7      | Noticed Menkaure
  6469 | D:7      | Killed Menkaure
  6470 | D:7      | Reached XP level 10. HP: 63/63 MP: 12/12
  6862 | D:7      | Noticed Maggie
  6883 | D:7      | Killed Maggie
  6883 | D:7      | Reached **** piety under Okawaru
  7364 | D:7      | Killed PedroKMD's ghost
  7369 | D:7      | Got a steaming buckler
  7380 | D:7      | Identified the cursed +0 buckler of the Past {rC++} (You
                  | found it on level 7 of the Dungeon)
  7416 | D:8      | Found a radiant altar of Vehumet.
  7442 | D:8      | Noticed a two-headed ogre
  7457 | D:8      | Killed a two-headed ogre
  7458 | D:8      | Reached skill level 8 in Fighting
  8761 | D:9      | Found an iron altar of Okawaru.
  9048 | D:9      | Reached XP level 11. HP: 69/69 MP: 13/13
  9062 | D:9      | Reached ***** piety under Okawaru
  9170 | D:10     | Entered Level 10 of the Dungeon
  9270 | D:10     | Noticed Urug
  9285 | D:10     | Killed Urug
  9374 | D:10     | Noticed Harold
  9394 | D:10     | Killed Harold
  9395 | D:10     | Reached skill level 1 in Dodging
  9395 | D:10     | Reached skill level 1 in Evocations
  9419 | D:10     | Killed an unseen horror
  9420 | D:10     | Reached skill level 9 in Fighting
  9486 | D:10     | Got a smoking broad axe
  9487 | D:10     | Identified the +1 broad axe of Xeaz {drain, rElec rF- rC+
                  | Str+2} (You found it on level 10 of the Dungeon)
  9712 | D:10     | Found a runed translucent gate.
  9712 | D:10     | Found a runed translucent gate.
  9712 | D:10     | Found a runed translucent gate.
  9715 | D:10     | Noticed vvl's ghost (novice DsFi)
  9716 | D:10     | Identified the +1 chain mail of Unauriqa {rN+ Dex+7}
  9720 | D:10     | Found a roughly hewn altar of Beogh.
  9744 | D:10     | Received a gift from Okawaru
  9762 | D:10     | Found a staircase to the Lair.
  9826 | D:10     | Noticed a two-headed ogre
  9834 | D:10     | Killed a two-headed ogre
  9835 | D:10     | Reached skill level 10 in Axes
 10028 | D:10     | Found Kejevuza's Jewellery Emporium.
 10036 | D:10     | Bought an uncursed amulet of reflection for 450 gold pieces
 10135 | D:10     | Found Uloamet's Magic Scroll Boutique.
 10144 | D:10     | Bought a scroll of fear for 45 gold pieces
 10144 | D:10     | Bought a scroll of identify for 26 gold pieces
 10144 | D:10     | Bought a scroll of identify for 26 gold pieces
 10144 | D:10     | Bought a scroll of identify for 26 gold pieces
 10474 | D:10     | Killed vvl's ghost
 10613 | Lair:1   | Entered Level 1 of the Lair of Beasts
 10621 | Lair:1   | Noticed an oklob plant
 10634 | Lair:1   | Noticed a five-headed hydra
 10639 | Lair:1   | Noticed a four-headed hydra
 10646 | Lair:1   | Killed a five-headed hydra
 10652 | Lair:1   | Reached XP level 12. HP: 69/76 MP: 15/15
 10658 | Lair:1   | Killed a six-headed hydra
 10661 | Lair:1   | Reached skill level 5 in Invocations
 11184 | Lair:2   | Noticed Erica
 11192 | Lair:2   | Killed Erica
 11235 | Lair:2   | Found a staircase to the Snake Pit.
 11736 | Lair:2   | Reached skill level 10 in Armour
 11741 | Lair:2   | Reached skill level 10 in Fighting
 11842 | Lair:2   | Reached skill level 10 in Shields
 12460 | Lair:3   | Received a gift from Okawaru
 12746 | Lair:3   | Noticed Snorg
 12769 | Lair:3   | Killed Snorg
 13337 | Lair:4   | Noticed a four-headed hydra
 13358 | Lair:4   | Killed an eight-headed hydra
 13627 | Lair:4   | Reached XP level 13. HP: 83/83 MP: 16/16
 13796 | Lair:4   | Reached skill level 5 in Evocations
 13806 | Lair:4   | Reached ****** piety under Okawaru
 13806 | Lair:4   | Received a gift from Okawaru
 14019 | Lair:4   | Found a staircase to the Shoals.
 14769 | Lair:5   | You fall into a shaft and drop 1 floor!
 14769 | Lair:6   | Entered Level 6 of the Lair of Beasts
 14971 | Lair:5   | Reached skill level 5 in Dodging
 15684 | D:11     | Reached skill level 11 in Fighting
 16029 | D:11     | Found a flickering gateway to a bazaar.
 16038 | Bazaar   | Entered a bazaar
 16038 | Bazaar   | Found Tuipp's Magic Scroll Shoppe.
 16038 | Bazaar   | Found Woala's Weapon Shoppe.
 16038 | Bazaar   | Found Oquppioll's Book Emporium.
 16040 | Bazaar   | Found Xiodeu's Gadget Emporium.
 16042 | Bazaar   | Bought a scroll of magic mapping for 45 gold pieces
 16058 | Bazaar   | Bought a scroll of blinking for 97 gold pieces
 16064 | Bazaar   | Bought a lightning rod (4/4) for 210 gold pieces
 16474 | D:11     | Got a brightly glowing bone ring
 16509 | D:11     | Identified the ring of Miracles {+Inv rPois rCorr Str-4
                  | Slay+3} (You found it on level 11 of the Dungeon)
 16721 | D:11     | Found a staircase to the Orcish Mines.
 17063 | D:12     | Received a gift from Okawaru
 17079 | D:12     | Got an encrusted broad axe {god gift}
 17080 | D:12     | Identified the +7 broad axe of the Ancients {vorpal, rF++
                  | MP-9 Str+3 Dex+3} (Okawaru gifted it to you on level 12 of
                  | the Dungeon)
 17436 | D:12     | Gained mutation: Your large and strong wings let you fly
                  | indefinitely. [Gargoyle growth]
 17436 | D:12     | Reached XP level 14. HP: 88/90 MP: 8/19
 17667 | D:13     | Found a shimmering altar of Xom.
 18218 | D:13     | Received a gift from Okawaru
 18264 | D:13     | Paralysed by a wizard for 3 turns
 18830 | Orc:1    | Entered Level 1 of the Orcish Mines
 19647 | Orc:1    | Received a gift from Okawaru
 19745 | Orc:1    | Noticed Erolcha
 19768 | Orc:1    | Killed Erolcha
 19991 | Orc:2    | Entered Level 2 of the Orcish Mines
 19999 | Orc:2    | Found a staircase to the Elven Halls.
 20295 | Orc:2    | Found Boghonou's General Store.
 20295 | Orc:2    | Found Kaosh's Book Emporium.
 20296 | Orc:2    | Found Afuroga's Antique Armour Emporium.
 20296 | Orc:2    | Found Yghaeqoe's Antique Weapon Shoppe.
 20345 | Orc:2    | Reached skill level 12 in Fighting
 20348 | Orc:2    | Received a gift from Okawaru
 20435 | Orc:2    | Bought a potion of attraction for 51 gold pieces
 20576 | Orc:2    | Reached XP level 15. HP: 86/96 MP: 12/21
 20743 | Orc:2    | Noticed an orc warlord
 20754 | Orc:2    | Killed an orc warlord
 21604 | Snake:1  | Entered Level 1 of the Snake Pit
 22018 | Snake:1  | Found a shimmering blue altar of Sif Muna.
 22292 | Snake:1  | Received a gift from Okawaru
 22295 | Snake:1  | Got a scorched chain mail {god gift}
 22306 | Snake:1  | Identified the +5 chain mail of Okawaru's Castigation
                  | {Str+4 Int+2} (Okawaru gifted it to you on level 1 of the
                  | Snake Pit)
 22844 | Snake:1  | Found Fitwawul's General Store.
 22957 | Snake:2  | Found a flickering gateway to a bazaar.
 22966 | Bazaar   | Entered a bazaar
 22966 | Bazaar   | Found Entairphur's Antique Weapon Shop.
 22966 | Bazaar   | Found Xeeh's Distillery.
 22973 | Bazaar   | Bought a potion of berserk rage for 50 gold pieces
 22973 | Bazaar   | Bought a potion of cancellation for 80 gold pieces
 22973 | Bazaar   | Bought a potion of might for 40 gold pieces
 22973 | Bazaar   | Bought a potion of might for 40 gold pieces
 22991 | Bazaar   | Found Nuag Ytt's Antique Armour Shop.
 22999 | Bazaar   | Bought a masterwork kite shield for 190 gold pieces
 23009 | Bazaar   | Identified the cursed +0 kite shield "Roylyddut" {+Blink
                  | rC+ MP+9 Int+5} (You bought it in a shop in a bazaar)
 23012 | Bazaar   | Bought a runed plate armour for 520 gold pieces
 23088 | Snake:2  | Noticed a nagaraja
 23287 | Snake:2  | Found a hide-covered altar of Uskayaw.
 23915 | Snake:2  | Killed a nagaraja
 24029 | Snake:2  | Received a gift from Okawaru
 24045 | Snake:2  | Got an iridescent war axe {god gift}
 24046 | Snake:2  | Identified the +2 war axe "Beastbane" {flame, rC+ Str+4
                  | SInv} (Okawaru gifted it to you on level 2 of the Snake
                  | Pit)
 24250 | Snake:3  | Reached XP level 16. HP: 75/103 MP: 23/23
 24747 | Snake:3  | Reached skill level 13 in Fighting
 25600 | Snake:3  | Received a gift from Okawaru
 25608 | Snake:3  | Got a pair of twisted boots {god gift}
 25616 | Snake:3  | Identified the +0 pair of boots of Uschaski {Str+5}
                  | (Okawaru gifted it to you on level 3 of the Snake Pit)
 25976 | Snake:3  | Reached skill level 10 in Invocations
 26308 | Shoals:1 | Entered Level 1 of the Shoals
 26505 | Shoals:1 | Found Esasis's Armour Shop.
 26513 | Shoals:1 | Bought a +3 plate armour of willpower for 720 gold pieces
 27403 | Shoals:2 | Noticed Ilsuiw
 27433 | Shoals:2 | Killed Ilsuiw
 28090 | Shoals:2 | Noticed a kraken
 28102 | Shoals:2 | Killed a kraken
 28652 | Shoals:3 | Noticed Donald
 28655 | Shoals:3 | Noticed a kraken
 28668 | Shoals:3 | Reached XP level 17. HP: 57/109 MP: 19/24
 28671 | Shoals:3 | Killed a kraken
 28678 | Shoals:3 | Received a gift from Okawaru
 28680 | Shoals:3 | Killed Donald
 29285 | Shoals:3 | Found a hide-covered altar of Uskayaw.
 29479 | Shoals:3 | Found the +3 sling "Punk" {acid, rCorr}
 29658 | Shoals:3 | Noticed Roxanne
 29857 | Shoals:4 | Entered Level 4 of the Shoals
 29893 | Shoals:4 | Received a gift from Okawaru
 29903 | Shoals:4 | Noticed Mara
 29920 | Shoals:4 | Reached skill level 14 in Fighting
 29980 | Shoals:4 | Got a barnacled rune of Zot
 30256 | Shoals:4 | Found Osieguse's Assorted Antiques.
 30288 | Shoals:4 | Bought a scroll of teleportation for 66 gold pieces
 30288 | Shoals:4 | Bought a potion of heal wounds for 110 gold pieces
 30850 | Shoals:4 | Identified a +1 pair of boots of running (You found it on
                  | level 4 of the Shoals)
 31016 | Shoals:4 | Noticed Rallik's illusion
 31033 | Shoals:4 | Killed Mara
 31113 | Shoals:4 | Reached XP level 18. HP: 55/117 MP: 25/25
 31380 | Shoals:4 | Received a gift from Okawaru
 31683 | Shoals:4 | Identified the Catalogue of Stones
 31847 | Shoals:4 | Identified the Grimoire of Mezcal
 32236 | Snake:4  | Entered Level 4 of the Snake Pit
 32280 | Snake:4  | Noticed Saint Roka
 32311 | Snake:3  | Killed Saint Roka
 32789 | Snake:4  | Reached skill level 10 in Dodging
 32789 | Snake:4  | Received a gift from Okawaru
 32816 | Snake:4  | Reached skill level 15 in Shields
 32827 | Snake:4  | Reached skill level 15 in Armour
 32858 | Snake:4  | Reached skill level 15 in Fighting
 32927 | Snake:4  | Received a gift from Okawaru
 33613 | Snake:4  | Found Foboruf's Weapon Boutique.
 33822 | Snake:4  | Got a serpentine rune of Zot
 34404 | Orc:2    | Bought a glowing helmet for 292 gold pieces
 34612 | D:14     | Reached XP level 19. HP: 122/124 MP: 26/26
 34659 | D:14     | Received a gift from Okawaru
 34681 | D:14     | Noticed Kirke
 34696 | D:14     | Killed Kirke
 35222 | D:14     | Found a gate to the Vaults.
 35588 | D:14     | Found an iron altar of Okawaru.
 35912 | D:15     | Entered Level 15 of the Dungeon
 36389 | D:15     | Found Ysudar's Distillery.
 36405 | D:15     | Bought a potion of cancellation for 112 gold pieces
 36405 | D:15     | Bought a potion of heal wounds for 70 gold pieces
 36405 | D:15     | Bought a potion of might for 56 gold pieces
 36405 | D:15     | Bought a potion of cancellation for 112 gold pieces
 36658 | D:15     | Found a staircase to the Depths.
 36817 | D:15     | Noticed Agnes
 36839 | D:15     | Killed Agnes
 37173 | Vaults:1 | Entered Level 1 of the Vaults
 37579 | Vaults:1 | Received a gift from Okawaru
 37789 | Vaults:1 | Found a transporter.
 37790 | Vaults:1 | Found a radiant altar of Vehumet.
 37797 | Vaults:1 | Noticed a lich
 38133 | Vaults:1 | Reached skill level 15 in Axes
 38276 | Vaults:1 | Found Unlu's Antique Weapon Shoppe.
 39117 | Vaults:2 | Found a shimmering altar of Xom.
 39132 | Vaults:2 | Reached XP level 20. HP: 123/131 MP: 21/28
 39186 | Vaults:2 | Received a gift from Okawaru
 39745 | Vaults:2 | Reached skill level 16 in Fighting
 39750 | Vaults:2 | Reached skill level 10 in Evocations
 39753 | Vaults:2 | Received a gift from Okawaru
 40057 | Vaults:2 | Got a pair of scorched boots {god gift}
 40068 | Vaults:2 | Identified the +1 pair of boots "Dyisecei" {+Blink}
                  | (Okawaru gifted it to you on level 2 of the Vaults)
 40160 | Vaults:2 | You are sucked into a shaft and drop 2 floors!
 40262 | Vaults:4 | Got a fine marble ring
 40485 | Vaults:4 | Noticed Sojobo
 40543 | Vaults:4 | Killed Sojobo
 40543 | Vaults:4 | Received a gift from Okawaru
 41115 | Vaults:4 | Reached XP level 21. HP: 137/137 MP: 29/29
 41540 | Vaults:4 | Received a gift from Okawaru
 41556 | Vaults:4 | Got a bloodstained broad axe {god gift}
 41567 | Vaults:4 | Identified the +10 broad axe of Demonkind {elec, rF- Str+4
                  | Int+2 Dex+2} (Okawaru gifted it to you on level 4 of the
                  | Vaults)
 42812 | Vaults:3 | Received a gift from Okawaru
 43132 | Vaults:3 | Received a gift from Okawaru
 43183 | Vaults:3 | Got dazzling shadow dragon scales {god gift}
 43194 | Vaults:3 | Identified the +0 shadow dragon scales of Dawn {Dex+3
                  | Stlth++++} (Okawaru gifted it to you on level 3 of the
                  | Vaults)
 43207 | Vaults:3 | Identified the ring "Ynnios" {rPois AC+4 Str+6 Dex+3} (You
                  | found it on level 4 of the Vaults)
 43606 | Vaults:3 | Reached XP level 22. HP: 96/133 MP: 31/31
 44051 | Vaults:3 | Identified a scroll of acquirement
 44054 | Vaults:3 | Acquired a manual of Fighting
 44286 | Vaults:3 | Found a staircase to the Crypt.
 44566 | Elf:1    | Entered Level 1 of the Elven Halls
 44641 | Elf:1    | Reached skill level 17 in Fighting
 45550 | Elf:2    | Received a gift from Okawaru
 45970 | Elf:2    | Found a runed translucent gate.
 45970 | Elf:2    | Found a runed translucent gate.
 45970 | Elf:2    | Found a runed translucent gate.
 46598 | Elf:3    | Entered Level 3 of the Elven Halls
 47296 | Elf:3    | Identified the +6 broad axe "Sapom" {antimagic, Str+3}
 47298 | Elf:3    | Identified the +2 ring mail "Odirph" {+Inv rElec Stlth+}
 47305 | Elf:3    | Reached XP level 23. HP: 137/152 MP: 33/33
 47328 | Elf:3    | Received a gift from Okawaru
 47364 | Elf:3    | Identified the ring of Oschist {rPois rC+ Str+5 Int-2
                  | Stlth-}
 47458 | Elf:3    | Identified the +12 scimitar of Oxetzene {vorpal, rC++}
 47458 | Elf:3    | Identified the amulet "Kusowk" {Faith Fragile rElec rC+++
                  | Int-3}
 47796 | Elf:3    | Identified the +0 crystal plate armour of Jollycod {Dex+4}
                  | (Okawaru gifted it to you on level 3 of the Elven Halls)
 47823 | Elf:3    | Identified the Catalogue of Venom and Hexes
 47825 | Elf:3    | Identified the Almanac of Dark Toxins
 47831 | Elf:3    | Identified Sif Muna's Catalogue of Mutagenic Earth
 47834 | Elf:3    | Identified the Grimoire of Unstable Displacement
 48160 | Elf:3    | Reached skill level 18 in Fighting
 48794 | Depths:1 | Entered Level 1 of the Depths
 48805 | Depths:1 | Paralysed by a floating eye for 4 turns
 49155 | Depths:1 | Found a gateway to a ziggurat.
 49873 | Depths:1 | Noticed an ancient lich
 49894 | Depths:1 | Killed an ancient lich
 49904 | Depths:1 | Received a gift from Okawaru
 50091 | Depths:1 | Identified the Catalogue of Stolen Souls
 50202 | Depths:1 | Found a gateway to Hell.
 50645 | Depths:1 | Noticed Louise
 50646 | Depths:1 | Found a one-way gate to the infinite horrors of the Abyss.
 50654 | Depths:1 | Killed Louise
 50973 | Depths:2 | Found the +8 arc blade {discharge, rElec}
 51077 | Depths:2 | Reached XP level 24. HP: 132/160 MP: 33/33
 51310 | Depths:2 | Found Xefosuze's Antique Weapon Shop.
 51312 | Depths:2 | Found Fomefy's Jewellery Boutique.
 51314 | Depths:2 | Found Keriz's Assorted Antiques.
 51459 | Depths:2 | Found a one-way gate leading to the halls of Pandemonium.
 52086 | Depths:2 | Received a gift from Okawaru
 52112 | Depths:2 | Reached skill level 19 in Fighting
 52547 | Depths:3 | Found a transporter.
 52554 | Depths:3 | Found a transporter.
 52554 | Depths:3 | Found a viscous altar of Jiyva.
 53180 | Depths:3 | Gained mutation: Your spells are a little easier to cast,
                  | but a little less powerful. [a shining eye]
 53185 | Depths:3 | Gained mutation: Scrolls take you a little longer to read.
                  | [a shining eye]
 53218 | Depths:3 | Got a crude platinum ring
 53247 | Depths:3 | Identified the ring "Faavurel" {*Tele Str+4} (You found it
                  | on level 3 of the Depths)
 54237 | Lair:6   | Found a staircase to the Slime Pits.
 54581 | Slime:1  | Entered Level 1 of the Pits of Slime
 54758 | Slime:1  | You are sucked into a shaft and drop 1 floor!
 54766 | Slime:2  | Received a gift from Okawaru
 55565 | Slime:2  | Reached XP level 25. HP: 51/168 MP: 29/34
 55572 | Slime:2  | Gained mutation: Your magical capacity is low. (-10% MP) [a
                  | shining eye]
 56145 | Slime:2  | Reached skill level 15 in Invocations
 56470 | Slime:3  | Reached skill level 20 in Fighting
 56701 | Slime:3  | Received a gift from Okawaru
 58009 | Slime:4  | Gained mutation: You tend to lose your temper in combat. [a
                  | shining eye]
 58243 | Slime:5  | Entered Level 5 of the Pits of Slime
 58840 | Slime:5  | Gained mutation: You occasionally shout uncontrollably at
                  | your foes. [a shining eye]
 58891 | Slime:5  | Noticed the Royal Jelly
 58927 | Slime:5  | Killed the Royal Jelly
 59299 | Slime:5  | Found the amulet of Vitality {Regen+ HP+15}
 59305 | Slime:5  | Found the +7 great mace "Firestarter" {inner flame, rF++}
 59367 | Slime:5  | Got a bound silver ring
 59369 | Slime:5  | Identified the cursed ring "Quengees" {rF+ AC-4 Int+4} (You
                  | found it on level 5 of the Pits of Slime)
 59384 | Slime:5  | Got a slimy rune of Zot
 59457 | Slime:5  | Identified the +2 hand axe of Context {venom, Str+5} (You
                  | found it on level 5 of the Pits of Slime)
 60012 | Vaults:5 | Entered Level 5 of the Vaults
 60096 | Vaults:5 | Received a gift from Okawaru
 60372 | Vaults:5 | Reached XP level 26. HP: 176/176 MP: 31/31
 60419 | Vaults:5 | Got a silver rune of Zot
 60698 | Vaults:5 | Reached skill level 21 in Fighting
 60910 | Vaults:5 | Found Emishrebe's Gadget Shoppe.
 61017 | Vaults:5 | Found Jiyceole's Jewellery Boutique.
 61109 | Vaults:5 | Noticed an ancient lich
 61114 | Vaults:5 | Received a gift from Okawaru
 61125 | Vaults:5 | Killed an ancient lich
 61138 | Vaults:5 | Found Gozusaol's Magic Scroll Shop.
 61179 | Vaults:5 | Bought a scroll of brand weapon for 320 gold pieces
 61179 | Vaults:5 | Bought a scroll of teleportation for 48 gold pieces
 61512 | Vaults:5 | Found Etac's Magic Scroll Boutique.
 61541 | Vaults:5 | Bought a scroll of holy word for 97 gold pieces
 61541 | Vaults:5 | Bought a scroll of enchant weapon for 97 gold pieces
 61541 | Vaults:5 | Bought a scroll of enchant armour for 97 gold pieces
 61541 | Vaults:5 | Bought a scroll of enchant armour for 97 gold pieces
 61541 | Vaults:5 | Bought a scroll of enchant weapon for 97 gold pieces
 61654 | Vaults:5 | Identified the ring "Ceitemen" {rCorr SInv} (You found it
                  | on level 5 of the Vaults)
 61794 | Vaults:5 | Found Katousch's Distillery.
 61794 | Vaults:5 | Found Kadaj's Magic Scroll Shop.
 61799 | Vaults:5 | Bought a potion of curing for 51 gold pieces
 61799 | Vaults:5 | Bought a potion of curing for 51 gold pieces
 61805 | Vaults:5 | Found Igigirghe's Distillery.
 61806 | Vaults:5 | Bought a scroll of fear for 63 gold pieces
 61806 | Vaults:5 | Bought a scroll of teleportation for 54 gold pieces
 61806 | Vaults:5 | Bought a scroll of magic mapping for 63 gold pieces
 61813 | Vaults:5 | Bought a potion of heal wounds for 95 gold pieces
 61813 | Vaults:5 | Bought a potion of resistance for 190 gold pieces
 61813 | Vaults:5 | Bought 2 potions of heal wounds for 190 gold pieces
 61813 | Vaults:5 | Bought a potion of heal wounds for 95 gold pieces
 61813 | Vaults:5 | Bought a potion of heal wounds for 95 gold pieces
 61895 | Vaults:5 | Found Molem's Distillery.
 62419 | Depths:1 | Voluntarily entered the Abyss.
 62426 | Abyss:1  | Found a corrupted altar of Lugonu.
 62561 | Abyss:1  | Found a corrupted altar of Lugonu.
 62755 | Abyss:1  | Found a corrupted altar of Lugonu.
 63191 | Abyss:1  | Gained mutation: You are strong-willed. (Will+) [a neqoxec]
 63275 | Abyss:1  | Received a gift from Okawaru
 63276 | Abyss:1  | Paralysed by you for 6 turns
 63292 | Abyss:1  | Got a pair of faintly humming boots {god gift}
 63303 | Abyss:1  | Identified the +1 pair of boots of Truth {rElec rC+ Int+7}
                  | (Okawaru gifted it to you on level 1 of the Abyss)
 63398 | Abyss:1  | Paralysed by accursed screaming for 2 turns
 63444 | Abyss:1  | Gained mutation: You have a somewhat thin skeletal
                  | structure. (Dex +2, Stealth) [a neqoxec]
 63544 | Abyss:1  | Reached skill level 15 in Dodging
 63555 | Abyss:1  | Reached XP level 27. HP: 80/184 MP: 31/31
 63777 | Abyss:1  | Found a corrupted altar of Lugonu.
 63857 | Abyss:1  | Found a corrupted altar of Lugonu.
 63925 | Abyss:1  | Found a corrupted altar of Lugonu.
 64016 | Abyss:3  | Noticed an ancient lich
 64134 | Abyss:3  | Identified the +1 hand axe of Zirruwa {flame, *Noise +Blink
                  | rF- Int+10} (You found it on level 3 of the Abyss)
 64594 | Abyss:3  | Received a gift from Okawaru
 64895 | Abyss:3  | Gained mutation: You are weak. (Str -2) [a cacodemon]
 64962 | Abyss:3  | Reached skill level 22 in Fighting
 64976 | Abyss:3  | Gained mutation: You are extremely frail. (-30% HP) [a
                  | neqoxec]
 64992 | Abyss:3  | Identified the +2 robe of Leaves {Harm rN+ Dex+2}
 65026 | Abyss:3  | Gained mutation: You are very weak. (Str -4) [a neqoxec]
 65279 | Abyss:3  | Found a corrupted altar of Lugonu.
 65671 | Abyss:4  | Paralysed by accursed screaming for 1 turns
 65781 | Abyss:4  | Gained mutation: You sometimes yell uncontrollably at your
                  | foes. [a neqoxec]
 65919 | Abyss:4  | Gained mutation: Your body sometimes deteriorates upon
                  | taking damage. [a neqoxec]
 65929 | Abyss:4  | Gained mutation: You are dopey. (Int -2) [a cacodemon]
 66125 | Abyss:4  | Received a gift from Okawaru
 66386 | Abyss:5  | Entered Level 5 of the Abyss
 67244 | Abyss:5  | Found a corrupted altar of Lugonu.
 67544 | Abyss:5  | Paralysed by you for 2 turns
 67622 | Abyss:5  | Received a gift from Okawaru
 67634 | Abyss:5  | Paralysed by accursed screaming for 2 turns
 67639 | Abyss:5  | Paralysed by accursed screaming for 2 turns
 67729 | Abyss:5  | Paralysed by accursed screaming for 2 turns
 67730 | Abyss:5  | HP: 1/165 [lorocyproca (14)]
 67730 | Abyss:5  | Killed from afar by a shadow dragon

Illustrated notes

#######.....©.....#.#..#
#.......#########......#
#.#####.#8P$©$P8#......#
#..[....#≈.[.?.≈#.#.....
#..#..#.####+####.#####.
#.....#.#o≈...≈o#.#
#...#...#5≈...≈o#.#
#...#...#o≈≈≈≈≈5#.#
...#####@#K≈≈⌠≈≈5#.#
..#.. #...#.≈≈≈P≈.#.#
#.### #.#.#.≈...≈.#.# #.
...#.#.≈...≈.#.# ###
..####+####.#
..#P../..P#.#
..#8P.©.P8#..
...#########.. ..©......


Turn 4775 on D:6: vault, dangerous

Levels and vault maps discovered:
D:1:      lightli_arrival_noodles, layout_loops_ring, kennysheep_pointless_box,
          kennysheep_crisscross
D:2:      layout_rooms, chequers_ecumenical_altar_simple_redux, minmay_distorted
D:3:      layout_rooms, overflow_temple_1_default, serial_aquarium,
          aquarium_bridge_square [aquarium_subvault_window,
          aquarium_subvault_bridge, aquarium_subvault_bridge,
          aquarium_subvault_wall], aquarium_window_3, aquarium_window_corner,
          aquarium_window_1, aquarium_window_1, aquarium_view_2b,
          aquarium_view_2f, aquarium_balcony_3b, chequers_serial_rivers_large_b,
          kennysheep_flooded_box
D:4:      layout_loops_ring, gammafunk_temple_overflow_forgotten, uniq_robin
D:5:      layout_cave_pools, kennysheep_mini_moat, old_standard_altar,
          minmay_temple_entry_gardened_gates, cheibrodos_sewer_entry_bend,
          enter_ossuary_1
D:6:      gammafunk_wand_slinger, layout_loops_cross, gammafunk_ghost_icy,
          uniq_pikel
D:7:      layout_layer_cave, gammafunk_ghost_grave, hangedman_glass_teeth,
          uniq_menkaure, uniq_joseph, uniq_maggie
D:8:      layout_rooms, fiery_altar_vehumet, nicolae_looking_at_the_future
D:9:      layout_roguey, supply_closet_lemuel, grunt_decor_clamped,
          okawaru_altar_gauntlet_db
D:10:     layout_roguey, grunt_lair_entry_orc_guard_hut, serial_shops,
          nicolae_shop_waterfront, kennysheep_mini, biasface_ghost_orc_armoury,
          minmay_misc_feat_secret_circle, uniq_harold, uniq_urug
D:11:     layout_irregular_city, david_orc_4, serial_shops, bzr_entry_customers,
          hangedman_decor_riveting, dk_noncrumbling_4
D:12:     layout_roguey
D:13:     layout_basic, basic_altar, grunt_tough_drop
D:14:     wad_bat_island, layout_gridville, grunt_vaults_entry_fortified,
          chequers_serial_rivers_large_a, basic_altar, uniq_kirke
D:15:     grunt_enter_depths_hoard, layout_irregular_city, serial_park_square1
          [serial_park_minivault_5x5_5], serial_shops, shop, minivault_19,
          uniq_agnes
Lair:1:   layout_misc_corridors, grunt_megastairs_2, minmay_lair_oklob_chamber
Lair:2:   lemuel_ratsnest, layout_long_grid, minmay_snake_entry_guardpost_small,
          minmay_hedge_maze, uniq_erica
Lair:3:   layout_hall_layers, serial_bayou_ford_a, beast_lair_carwin_8,
          lemuel_fruit_fields, infiniplex_staircase_pool_2, uniq_snorg
Lair:4:   layout_gridlike, elwin_shoals_entry_stream
Lair:5:   layout_cave_pods, minivault_27, lemuel_fruit_fields
Lair:6:   evilmike_catoblepas_cave, layout_hall_layers,
          minmay_slime_entry_pillars
Shoals:1: layout_shoals, serial_shops, shop
Shoals:2: layout_shoals, uniq_ilsuiw
Shoals:3: layout_shoals, regret_index_shoals_crete, uniq_roxanne, uniq_donald
Shoals:4: shoals_end_grunt_ice, layout_shoals, serial_shops, shop, uniq_mara
Snake:1:  layout_grid_shapes, basic_altar, serial_shops, shop,
          grunt_megastairs_4
Snake:2:  layout_misc_corridors, serial_shops, bzr_entry_lakeside, basic_altar
Snake:3:  layout_chambers, portal_ice_cave_entry_pillars_2, drop_trap,
          grunt_megastairs_3
Snake:4:  snake_pit, layout_cave_town, serial_shops, shop, uniq_saint_roka
Slime:1:  layout_caves
Slime:2:  layout_caves
Slime:3:  cheibrodos_slime_lost_civilization_9, layout_caves
Slime:4:  nicolae_slime_jelly_donut, layout_caves
Slime:5
Orc:1:    lemuel_ogre_cave, layout_caves
Orc:2:    st_orc_congregation, layout_caves
Elf:1:    layout_gridlike, minivault_28
Elf:2:    layout_rooms, hangedman_elven_pyramids, grunt_ministairs_4,
          st_stairs_14
Elf:3:    minmay_elf_hall_statues, layout_gridlike
Vaults:1: hangedman_vaults_pinch, v_misc_13, v_misc_12,
          gammafunk_sealed_library, hangedman_vaults_restitches,
          vaults_mumra_hex, nicolae_vaults_network_star,
          nicolae_vaults_network_quinsquares
          [nicolae_vaults_network_quincunx_subvault,
          nicolae_vaults_network_quincunx_subvault,
          nicolae_vaults_network_quincunx_subvault,
          nicolae_vaults_network_quincunx_subvault], vaults_mumra_lcd,
          nicolae_vaults_shelves_hall, layout_vaults_big_cross, serial_shops,
          shop
Vaults:2: vaults_mumra_minichess_inversion, v_misc_28,
          hangedman_vaults_stitches, v_misc_3, layout_vaults_omnigrid,
          basic_altar, lightli_enter_wizlab_magi_temple
Vaults:3: v_rooms_4, nicolae_vaults_puzzle_piece, nicolae_vaults_puzzle_piece,
          v_rooms_5, v_misc_23, v_misc_4, v_alt_pattern_4,
          nicolae_vaults_what_the_h, v_misc_17, nicolae_vaults_circle_grid_b,
          v_misc_15, vaults_room_guarded_vault, ontoclasm_vaults_gateway,
          layout_vaults_ring, uniq_margery
Vaults:4: v_rooms_1, hangedman_vaults_capsules, v_pattern_2,
          ontoclasm_vaults_bender, hangedman_vaults_river_flow, v_misc_23,
          v_alt_pattern_6, v_misc_2, st_cells, vaults_room_semicircle,
          layout_vaults_maze_bifur, portal_desolation_entry_ruin, uniq_sojobo
Vaults:5
Depths:1: layout_roguey [special_room_morgue], enter_ziggurat_d,
          nicolae_twisting_strands, nicolae_abyss_entry_one_way_or_another,
          hell_entry, hangedman_stitches_earthworm
Depths:2: minmay_shoctagon, layout_honeycomb, ebering_dispersal_statue_hall,
          hell_entry, pan_entry, minmay_shop_star, firewood_loft,
          infiniplex_staircase_door_maze
Depths:3: gammafunk_jiyva_shrine, layout_basic, hangedman_abyss_or_decor_passed,
          grunt_pan_entry_zigzag, hell_entry, chequers_jeans,
          serial_bayou_shore_a
Depths:4: evilmike_silver_temple, layout_basic, hangedman_abyss_entry_splay,
          minmay_door_square, pf_vacation_house_of_asmodeus,
          gammafunk_ghost_wrathful_warriors, infiniplex_staircase_zigzag_1
Abyss:5:  base: D:1, evilmike_abyss_exit_8, doesnt_abyss_rune_brain_food,
          evilmike_abyss_exit_8, gammafunk_abyss_exit_x_factor,
          hangedman_abyss_or_decor_stabs, evilmike_abyss_exit_kraken,
          grunt_abyss_rune_wretched_hive, eino_small_chamber_without_monster,
          gammafunk_abyss_rune_reverse_zot, evilmike_abyss_exit_17,
          hangedman_abyss_shoalhut, serial_sigils_hangedman_snap,
          evilmike_abyss_rune_siren_acolytes, evilmike_abyss_exit_glass,
          lemuel_flamethrower_3, evilmike_abyss_rune_tso_outpost,
          hangedman_shadowy_showcase, nicolae_abyss_rune_star_stuff,
          evilmike_abyss_exit_3, gammafunk_abyss_rune_reverse_zot,
          gammafunk_abyss_rune_reverse_zot, evilmike_abyss_exit_9

Skill      XL: |  1  2  3  4  5  6  7  8  9 10 11 12 13 14 15 16 17 18 19 20 21 22 23 24 25 26 27 |
---------------+----------------------------------------------------------------------------------+-----
Axes           | 2 3 4 5 6 8 9 10 11 12 13 14 15 16 17 18 19 20 | 20.8
Armour         | 4 5 6 7 8 9 10 11 12 13 14 15 16 17 18 19 20 | 20.0
Shields        | 4 5 6 7 8 9 10 11 12 13 14 15 16 17 18 19 21 | 21.1
Fighting       | 4 5 6 7 8 9 10 11 12 13 14 15 16 17 18 19 20 21 22 | 22.7
Invocations    | 2 3 4 5 6 8 9 10 11 12 13 14 15 16 18 | 18.3
Dodging        | 2 4 5 6 7 8 9 10 11 12 13 14 15 17 | 17.3
Evocations     | 3 4 6 7 8 9 10 11 12 | 12.5

Action                   |  1- 3 |  4- 6 |  7- 9 | 10-12 | 13-15 | 16-18 | 19-21 | 22-24 | 25-27 || total
-------------------------+-------+-------+-------+-------+-------+-------+-------+-------+-------++-------
Melee: War axe           |   147 |   174 |   437 |   345 |       |       |       |       |       ||  1103
       Broad axe         |       |       |       |   366 |  1042 |  1079 |  1401 |  1465 |  2315 ||  7668
Invok: Heroism           |       |       |     2 |    12 |     6 |     9 |     7 |     5 |     8 ||    49
       Finesse           |       |       |       |     2 |     5 |     7 |     2 |     7 |    13 ||    36
 Abil: Evoke Invisibilit |       |       |       |       |     3 |     1 |     1 |     1 |     3 ||     9
       Fly               |       |       |       |       |     1 |       |     1 |       |     3 ||     5
       Evoke Blink       |       |       |       |       |       |     2 |       |       |     3 ||     5
       Stop Flying       |       |       |       |       |       |       |     1 |       |     3 ||     4
Evoke: Wand              |       |       |       |    22 |       |       |       |     1 |       ||    23
       Phial of floods   |       |       |       |     1 |       |     1 |     1 |     1 |     2 ||     6
       Phantom mirror    |       |       |       |     1 |       |       |       |     1 |     1 ||     3
       Lightning rod     |       |       |       |       |     2 |     6 |       |     2 |     2 ||    12
       Condenser vane    |       |       |       |       |       |     2 |     1 |     2 |     5 ||    10
  Use: Potion            |       |     1 |       |     2 |     1 |     2 |       |       |     6 ||    12
       Scroll            |       |       |     7 |    10 |    12 |    17 |       |     7 |     8 ||    61
 Stab: Invisible         |       |       |       |       |     8 |    11 |       |    11 |     6 ||    36
       Petrified         |       |       |       |       |       |       |       |       |     2 ||     2
       Distracted        |       |       |       |       |       |       |       |       |     1 ||     1
Armor: Scale mail        |    96 |   140 |   217 |    27 |       |       |       |       |       ||   480
       Plate armour      |       |       |       |   252 |       |   517 |   584 |   565 |   836 ||  2754
       Chain mail        |       |       |       |   143 |   364 |    61 |       |       |       ||   568
Dodge: Dodged            |    52 |    68 |   115 |   205 |   317 |   358 |   447 |   399 |   868 ||  2829
Block: Kite shield       |    79 |   105 |   214 |   585 |   993 |  1175 |  1302 |  1111 |  1924 ||  7488
       Reflection        |       |       |       |     3 |    52 |   128 |   110 |    71 |    43 ||   407
